 Dungeon Crawl Stone Soup version 0.31.0-4-g52a2dc7128 (webtiles) character file.

Game seed: 14176709969757520327

46 Arctor the Covered (level 3, -1/30 HPs)
             Began as a Barachi Fighter on Jan 21, 2024.
             Succumbed to a goblin's poison
             ... on level 2 of the Dungeon.
             The game lasted 00:00:55 (1146 turns).

Arctor the Covered (Barachi Fighter)                Turns: 1146, Time: 00:00:55

Health: -1/30      AC:  7    Str: 19    XL:     3   Next: 68%
Magic:  3/3        EV:  9    Int:  8    God:
Gold:   135        SH:  4    Dex: 11    Spells: 2/2 levels left

rFire   . . .        a - +0 long sword
rCold   . . .        c - +0 buckler
rNeg    . . .        b - +0 scale mail
rPois   .            (no helmet)
rElec   .            (no cloak)
rCorr   .            (no gloves)
SInv    .            (no boots)
Will    .....        (no amulet) Stlth
                     (no ring)
HPRegen 0.25/turn    (no ring)
MPRegen 0.08/turn

%: no passive effects
@: lethally poisoned (-1 -> -26), slow
A: amphibious, slowness 1, strong legs 1, +LOS
a: Hop


You were on level 2 of the Dungeon.
You visited 1 branch of the dungeon, and saw 2 of its levels.

You collected 135 gold pieces.

Inventory:

Hand Weapons
 a - a +0 long sword (weapon)
Missiles
 i - a throwing net
Armour
 b - a +0 scale mail (worn)
 c - a +0 buckler (worn)
Scrolls
 f - a scroll of torment {unknown}
 g - a scroll of blinking {unknown}
 j - a scroll of teleportation {unknown}
Potions
 d - a potion of might
 h - a potion of degeneration {unknown}


   Skills:
 + Level 4.1 Fighting
 + Level 3.1 Long Blades
 + Level 4.1 Armour
 + Level 3.8 Shields


You had 2 spell levels left.
You didn't know any spells.
Your spell library contained the following spells:

 Spells                   Type           Power      Damage    Failure   Level
 Magic Dart               Conj           0%         1d3       85%         1
 Blink                    Tloc           0%         N/A       94%         2
 Call Imp                 Summ           0%         N/A       94%         2


Dungeon Overview and Level Annotations

Branches:
Dungeon (2/15)

Altars:

Shops:
D:1 ?


Innate Abilities, Weirdness & Mutations

You are amphibious.
You cover ground slowly.
You can hop short distances.
You have an extended range of vision and can be seen from far away.


Message History

A goblin and a ribbon worm come into view.
The goblin is wielding a +1 dagger of venom.
There is an open door here.
There are monsters nearby!
There are monsters nearby!
The goblin hits you but does no damage.
You are poisoned.
You closely miss the goblin.
You feel very sick.
The goblin hits you with a +1 dagger of venom.
You are more poisoned.
There are monsters nearby!
You closely miss the goblin.
You feel very sick. You block the goblin's attack.
You hit the ribbon worm but do no damage.
You feel very sick. The goblin barely misses you. The ribbon worm bites you.
The goblin barely misses you.
You are too injured to fight recklessly!
You are too injured to fight recklessly!
You are too injured to fight recklessly!
You are too injured to fight recklessly!
Unknown command.
You feel sick. The goblin attacks as it pursues you!
The goblin hits you with a +1 dagger of venom.
You are more poisoned.
* * * LOW HITPOINT WARNING * * *
You feel very sick. The goblin attacks as it pursues you!
The goblin hits you but does no damage.
You are lethally poisoned!
* * * LOW HITPOINT WARNING * * *
You feel very sick.
The ribbon worm attacks as it pursues you!
The ribbon worm closely misses you. The goblin attacks as it pursues you!
The goblin hits you but does no damage.
You are more poisoned.
There is an open door here.
It was a potion of cancellation.
You feel magically purged.
You die...

###.######....<...##.#...#
#.# ########.##.....# #.#
#.######## #.##########
#.# #..........# #..
#####.##.#.# ... ##
#†##.#.## ### ..#
#.##....######8?.#
#.####..@w......# #.#
#.##g......# #..
...#######8..# ########
..# #


You could see a ribbon worm and a goblin.

Vanquished Creatures
  2 adders (D:2)
  2 dart slugs (D:2)
  5 endoplasms
  2 goblins
  2 hobgoblins (D:1)
  A quokka (D:2)
  4 ball pythons (D:2)
  2 bats
  2 frilled lizards (D:1)
  2 kobolds
  A rat (D:1)
25 creatures vanquished.

Notes
Turn   | Place    | Note
-------+----------+-------------------------------------------
     0 | D:1      | Arctor the Barachi Fighter began the quest for the Orb.
     0 | D:1      | Reached XP level 1. HP: 18/18 MP: 1/1
   260 | D:1      | Reached XP level 2. HP: 21/25 MP: 2/2
   523 | D:1      | Found Xaorriatt's Magic Scroll Shoppe.
   951 | D:2      | Reached XP level 3. HP: 17/30 MP: 3/3
  1146 | D:2      | Succumbed to a goblin's poison

Illustrated notes

Levels and vault maps discovered:
D:1:      co_arrival_random_square_maze, layout_loops_ring, serial_shops,
          nicolae_shop_hallway_plus
D:2:      minmay_chambers_of_twos, layout_loops_cross, nrook_campfire,
          minmay_octomino_c4

Skill      XL: |  1  2 |
---------------+-------+-----
Armour         | 4 |  4.1
Fighting       | 4 |  4.1
Long Blades    | 3 |  3.1
Shields        | |  3.8

Action                     || total
---------------------------++-------
  Melee: Long sword        ||    82
    Use: Potion            ||     1
 Armour: Scale mail        ||    68
  Dodge: Dodged            ||    73
  Block: Buckler           ||    24
